 Dungeon Crawl Stone Soup version 0.27.1-33-g824d729ab1 (webtiles) character file.

Game seed: 6911852663651601365

3701 pkoi the Grappler (level 9, -5/57 HPs)
             Began as a Green Draconian Transmuter on Dec 5, 2021.
             Was an Elder of Hepliaklqana.
             Slain by Gastronok (30 damage)
             ... on level 8 of the Dungeon.
             The game lasted 00:13:45 (11064 turns).

pkoi the Grappler (Green Draconian Transmuter)     Turns: 11064, Time: 00:13:46

Health: -5/57      AC:  7    Str: 12    XL:     9   Next: 91%
Magic:  0/13       EV: 12    Int: 18    God:    Hepliaklqana [****..]
Gold:   469        SH:  0    Dex: 11    Spells: 0/13 levels left

rFire    . . .     SeeInvis .     - Unarmed
rCold    . . .     Faith    .   (no shield)
rNeg     . . .     Spirit   +   (armour unavailable)
rPois    +         Reflect  .   (helmet currently unavailable)
rElec    .         Harm     .   (no cloak)
rCorr    .         Rampage  .   (no gloves)
Will     .....                  (boots currently unavailable)
Stlth    ..........             e - amulet of guardian spirit
HPRegen  0.19/turn              (no ring)
MPRegen  0.13/turn              (no ring)

@: appendages, silenced, wereblooded
A: horns 2, talons 2, reduced essence, breathe noxious fumes, AC +7, unfitting
armour, poison resistance, cold-blooded
a: Breathe Noxious Fumes, End Transformation, Renounce Religion


You were on level 8 of the Dungeon.
You worshipped Hepliaklqana.
Hepliaklqana was greatly pleased with you.
You had temporarily grown beastly horns and talons.
You visited 2 branches of the dungeon, and saw 9 of its levels.
You visited the Abyss 1 time.

You collected 469 gold pieces.

Inventory:

Missiles
 a - a curare-tipped dart
 f - 43 poisoned darts
 w - a throwing net
Armour
 o - a +1 pair of boots (melded)
Jewellery
 e - an amulet of guardian spirit (around neck)
 m - a ring of wizardry
Wands
 i - a wand of iceblast (25)
 s - a wand of flame (12)
 u - a wand of paralysis (10)
 v - a wand of mindburst (8)
 y - a wand of digging (6)
Scrolls
 c - a scroll of fog
 d - 3 scrolls of identify
 p - 3 scrolls of enchant armour
 q - 2 scrolls of magic mapping
Potions
 b - 2 potions of flight
 g - 2 potions of curing
 h - a potion of mutation
 j - 3 potions of might
 l - a potion of lignification
 n - 2 potions of cancellation {unknown}
 t - a potion of attraction {unknown}
 x - 3 potions of haste


   Skills:
 + Level 1.2 Fighting
 + Level 3.6 Dodging
 * Level 9.1 Unarmed Combat
 + Level 2.8 Spellcasting
 - Level 4.0 Translocations
 + Level 6.9 Transmutations
 + Level 5.4 Ice Magic
 + Level 3.2 Poison Magic
 + Level 3.0 Invocations


You couldn't memorise any spells.
You knew the following spells:

 Your Spells              Type           Power      Damage    Failure   Level
a - Beastly Appendage     Tmut           54%        N/A       1%          1
b - Wereblood             Tmut           27%        N/A       1%          2
c - Apportation           Tloc           34%        N/A       3%          1
d - Ice Form              Ice/Tmut       24%        N/A       13%         4
e - Spider Form           Tmut/Pois      10%        N/A       6%          3
f - Blink                 Tloc           N/A        N/A       4%          2

Your spell library contained the following spells:

 Spells                   Type           Power      Damage    Failure   Level
 Ensorcelled Hibernation  Hex/Ice        24%        N/A       9%          2
 Animate Skeleton         Necr           4%         N/A       17%         1
 Corona                   Hex            2%         N/A       17%         1
 Summon Small Mammal      Summ           8%         N/A       17%         1
 Manifold Assault         Tloc           17%        N/A       65%         5
 Shadow Creatures         Summ           N/A        N/A       100%        6
 Storm Form               Tmut/Air       7%         N/A       100%        7


Dungeon Overview and Level Annotations

Branches:
Dungeon (8/15)             Temple (1/1) D:4
   Lair: D:8-11

Altars:
Ashenzari
Cheibriados
Dithmenos
Elyvilon
Fedhas
Gozag
Hepliaklqana
Kikubaaqudgha
Makhleb
Nemelex Xobeh
Okawaru
Qazlal
Ru
Sif Muna
Trog
Vehumet
Wu Jian
Xom
Yredelemnul
Zin
The Shining One

Shops:
D:5 *

Annotations:
D:8 Gastronok


Innate Abilities, Weirdness & Mutations

You have temporarily grown beastly horns and talons.
Your life essence is reduced to manifest your ancestor. (-10% HP)
You can breathe blasts of noxious fumes.
Your lurid green scales are hard. (AC +7)
You cannot fit into any form of body armour.
Your system is resistant to poisons. (rPois)
You are cold-blooded and may be slowed by cold attacks.


Message History

The howler monkey zombie hits you but does no damage.
You hit the howler monkey zombie. You claw the howler monkey zombie.
The howler monkey zombie is moderately damaged.
Zulima hits Gastronok with a +0 flail.
Gastronok bites you!
* * * LOW HITPOINT WARNING * * *
The howler monkey zombie closely misses you.
Unknown command.
Unknown command.
Okay, then.
Unknown command.
Zulima hits Gastronok with a +0 flail!
It was a potion of heal wounds.
You feel much better.
Zulima hits Gastronok with a +0 flail.
Gastronok bites Zulima but does no damage.
The howler monkey zombie hits you.
You punch the howler monkey zombie!
Your kick misses the howler monkey zombie.
Your punch misses the howler monkey zombie.
The howler monkey zombie is severely damaged.
Zulima hits Gastronok with a +0 flail.
You punch the howler monkey zombie!
You feel a bit better.
You destroy the howler monkey zombie!
Zulima hits Gastronok with a +0 flail!
Unknown command.
As you read the scroll of silence, it crumbles to dust.
A profound silence engulfs you.
You howl as the wereblood boils in your veins!
Zulima hits Gastronok with a +0 flail!
You hit Gastronok. You claw Gastronok, but do no damage.
Gastronok is severely wounded.
Gastronok bites you!
* * * LOW HITPOINT WARNING * * *
Zulima hits Gastronok with a +0 flail!
You hit Gastronok but do no damage. You headbutt Gastronok!
Gastronok is severely wounded.
You barely miss Gastronok. Your headbutt misses Gastronok.
Gastronok is severely wounded.
Zulima hits Gastronok with a +0 flail!
Gastronok bites you!!
Ouch! That really hurt!
You die...

### ######
#.. .....#
####### #.#
####.#
#.....# #.#
#.#
#.###.###@#
#.#
#......)Rw#
#.#
#.###.##..#
###.# #.#
#........
##...###.#
####..####
.........#
#..#
...#####.#
....
.#.#####.#
.#...
.#.#.....#
#.#...


You could see the friendly Zulima the knight and Gastronok (ally target).

Vanquished Creatures
  Grinder (D:3)
  2 wyverns (D:8)
  2 water moccasins (D:7)
  A swamp drake (D:8)
  An ice beast (D:6)
  An ogre (D:5)
  2 centaurs
  2 wolves
  A necrophage (D:6)
  A phantom (D:5)
  A kobold brigand (D:8)
  A bullfrog (D:7)
  A scorpion (D:4)
  A wyvern skeleton (D:6)
  A bullfrog zombie (D:6)
  2 centaur zombies
  A hound (D:3)
  A jelly (D:6)
  A centaur skeleton (D:7)
  An iguana (D:5)
  A scorpion zombie (D:5)
  2 orc wizards (D:6)
  A killer bee zombie (D:8)
  A howler monkey zombie (D:8)
  3 gnolls (D:6)
  4 adders
  A white imp (D:6)
  5 worms
  2 dart slugs (D:1)
  5 orcs (D:6)
  A bat (D:2)
  4 endoplasms
  A giant cockroach (D:2)
  4 goblins
  8 hobgoblins
  3 quokkas
  10 ball pythons
  3 frilled lizards
  8 kobolds
  6 rats
98 creatures vanquished.

Vanquished Creatures (collateral kills)
  Maggie (D:6)
  Grum (D:7)
  A water moccasin (D:6)
  An ice beast (D:5)
  2 sky beasts
  A wolf (D:7)
  An ogre (D:5)
  2 scorpions
  A wyvern skeleton (D:7)
  A howler monkey (D:8)
  A centaur zombie (D:5)
  A jelly (D:6)
  A gnoll shaman (D:6)
  2 bullfrog zombies
  An orc priest (D:6)
  2 hounds (D:4)
  A bullfrog skeleton (D:5)
  3 gnolls (D:6)
  3 adders
  A white imp (D:6)
  A worm (D:7)
  4 orcs
  5 kobolds (D:8)
  A ball python (D:4)
39 creatures vanquished.

Vanquished Creatures (others)
  A knight (D:8)
  An ancestor (D:3)
2 creatures vanquished.

Grand Total: 139 creatures vanquished

Notes
Turn   | Place    | Note
-------+----------+-------------------------------------------
     0 | D:1      | pkoi the Draconian Transmuter began the quest for the Orb.
     0 | D:1      | Reached XP level 1. HP: 16/16 MP: 3/3
   287 | D:1      | Cast into level 1 of the Abyss (kobold)
   311 | D:1      | Escaped the Abyss
   399 | D:1      | Reached XP level 2. HP: 23/23 MP: 5/5
   408 | D:1      | Learned a level 2 spell: Wereblood
   845 | D:1      | Reached skill level 4 in Unarmed Combat
  1045 | D:1      | Reached XP level 3. HP: 28/28 MP: 6/6
  1473 | D:2      | Found a hazy altar of Hepliaklqana.
  1519 | D:2      | Became a worshipper of Hepliaklqana the Forgotten
  1770 | D:2      | Found a faded altar of an unknown god.
  2351 | D:3      | Reached XP level 4. HP: 35/35 MP: 7/7
  2369 | D:3      | Reached skill level 5 in Unarmed Combat
  2545 | D:3      | Reached * piety under Hepliaklqana
  2615 | D:3      | Found a sacrificial altar of Ru.
  2617 | D:3      | Found a hazy altar of Hepliaklqana.
  2617 | D:3      | Found an ornate altar of the Wu Jian Council.
  2617 | D:3      | Found a bloodstained altar of Trog.
  2618 | D:3      | Found a burning altar of Makhleb.
  2620 | D:3      | Found a blossoming altar of Fedhas.
  2621 | D:3      | Found a broken altar of Ashenzari.
  2622 | D:3      | Found a radiant altar of Vehumet.
  2681 | D:3      | Found a shadowy altar of Dithmenos.
  2897 | D:3      | Noticed Grinder
  2922 | D:3      | Killed Grinder
  2923 | D:3      | Reached skill level 6 in Unarmed Combat
  2923 | D:3      | Reached XP level 5. HP: 4/36 MP: 0/8
  2923 | D:3      | Reached XP level 6. HP: 5/42 MP: 0/9
  3202 | D:3      | Learned a level 1 spell: Apportation
  3207 | D:3      | Learned a level 4 spell: Ice Form
  4118 | D:4      | Reached skill level 1 in Translocations
  4118 | D:4      | Reached skill level 1 in Ice Magic
  4433 | D:4      | Found a staircase to the Ecumenical Temple.
  4453 | Temple   | Entered the Ecumenical Temple
  4732 | D:4      | Reached ** piety under Hepliaklqana
  4733 | D:4      | Remembered your ancestor Zulima as a knight
  5065 | D:5      | Entered Level 5 of the Dungeon
  5111 | D:5      | Your scales start taking on a lurid green colour.
  5111 | D:5      | Reached XP level 7. HP: 34/46 MP: 8/10
  5111 | D:5      | Gained mutation: Your system is resistant to poisons.
                  | (rPois) [Green Draconian growth]
  5451 | D:5      | Found Xiniv's Lightly-Used Armoury.
  5722 | D:5      | Reached skill level 5 in Transmutations
  6064 | D:5      | Reached XP level 8. HP: 53/53 MP: 9/11
  6139 | D:6      | Reached skill level 7 in Unarmed Combat
  7348 | D:6      | Reached *** piety under Hepliaklqana
  7358 | D:6      | Noticed Maggie
  7375 | D:6      | Killed Maggie
  7666 | D:6      | Learned a level 3 spell: Spider Form
  8200 | D:6      | Reached skill level 8 in Unarmed Combat
  8262 | D:6      | Reached XP level 9. HP: 53/57 MP: 9/12
  8333 | D:6      | Reached skill level 1 in Poison Magic
  8538 | D:7      | Reached skill level 1 in Invocations
  9054 | D:7      | Found a snail-covered altar of Cheibriados.
  9204 | D:7      | Found a glowing golden altar of the Shining One.
  9271 | D:8      | Reached skill level 5 in Ice Magic
  9478 | D:8      | Noticed Grum
  9729 | D:7      | Killed Grum
 10533 | D:8      | Reached skill level 9 in Unarmed Combat
 10552 | D:8      | Learned a level 2 spell: Blink
 10579 | D:8      | Noticed a komodo dragon
 10906 | D:8      | Reached **** piety under Hepliaklqana
 11042 | D:8      | Noticed Gastronok
 11064 | D:8      | Slain by Gastronok

Illustrated notes

Levels and vault maps discovered:
D:1:      dpeg_arrival_rhombus, layout_loops_ring, nrook_mini_vaults
D:2:      layout_loops_ring, basic_altar, shapermc_ecumenical_altar_ellora
D:3:      layout_loops_cross, nicolae_dithmenos_shadow_blocks, minitemple,
          serial_bayou_pond_e, uniq_grinder
D:4:      layout_basic, minmay_temple_entry_ruins
D:5:      layout_loops_ring, minmay_shop_damaged
D:6:      minmay_evil_eye, layout_basic, uniq_maggie
D:7:      layout_cave_pools, cheibrodos_worm_habitat, old_standard_altar
D:8:      layout_loops_ring, erik_lair_dragon, uniq_grum, uniq_gastronok
Temple:   eino_temple_lava

Skill      XL: |  1  2  3  4  5  6  7  8  9 |
---------------+----------------------------+-----
Unarmed Combat | 4 6 8 9 |  9.1
Transmutations | 4 5 6 |  6.9
Translocations | 1 3 4 |  4.0
Ice Magic      | 1 3 4 5 |  5.4
Dodging        | 2 3 |  3.6
Poison Magic   | 3 |  3.2
Invocations    | 3 |  3.0
Fighting       | |  1.2
Spellcasting   | |  2.8

Action                   |  1- 3 |  4- 6 |  7- 9 || total
-------------------------+-------+-------+-------++-------
Melee: Unarmed           |   130 |   133 |   233 ||   496
       Tailslap          |    14 |     8 |    24 ||    46
       Punch             |     4 |       |     9 ||    13
       Kick              |     7 |     6 |    42 ||    55
       Headbutt          |     4 |     2 |    16 ||    22
Throw: Dart              |     4 |       |       ||     4
 Cast: Beastly Appendage |     9 |     6 |    28 ||    43
       Wereblood         |     6 |     1 |     8 ||    15
Invok: Ancestor Life: Kn |       |     1 |       ||     1
       Ancestor Identity |       |     1 |       ||     1
       Recall Ancestor   |       |       |     2 ||     2
 Abil: Breathe Noxious F |       |       |     2 ||     2
  Use: Scroll            |     2 |       |     9 ||    11
       Potion            |     1 |     2 |     4 ||     7
 Stab: Sleeping          |     1 |       |       ||     1
       Distracted        |       |     2 |     2 ||     4
Armor: Skin              |    26 |    28 |    84 ||   138
Dodge: Dodged            |    66 |    60 |   174 ||   300
